 Dungeon Crawl Stone Soup version 0.30-b1-2-g02819fbbbe (webtiles) character file.

Game seed: 4663011426142344432

43532 LLlMATKO the Warrior (level 13, -6/201 HPs)
             Began as a Minotaur Berserker on June 28, 2023.
             Was a High Priest of Trog.
             Mangled by a golden dragon simulacrum (7 damage)
             ... in an ice cave.
             The game lasted 00:15:02 (15627 turns).

LLlMATKO the Warrior (Minotaur Berserker)          Turns: 15627, Time: 00:15:02

Health: -6/201     AC: 19    Str: 33    XL:     13   Next: 91%
Magic:  0/12       EV: 10    Int:  4    God:    Trog [*****.]
Gold:   1528       SH: 10    Dex: 11    Spells: 12/12 levels left

rFire   + . .        v - +3 war axe "Tallafam" {venom, Drain Str+7}
rCold   + + +        S - +0 kite shield
rNeg    . . .        P - +1 gold dragon scales
rPois   +            c - +2 hat of the Postmodern Tables {rC++}
rElec   .            K - +1 cloak
rCorr   .            k - +0 pair of gloves {infuse}
SInv    .            (no boots)
Will    .....        (no amulet) Stlth
                     a - +4 ring of slaying
HPRegen 0.53/turn    J - +4 ring of slaying
MPRegen 0.13/turn

%: no passive effects
@: berserking, marked, corroded, very quick
A: horns 2, retaliatory headbutt
a: Renounce Religion, Berserk, Trog's Hand, Brothers in Arms


You were in an ice cave.
You worshipped Trog.
Trog was extremely pleased with you.
You visited 1 branch of the dungeon, and saw 15 of its levels.
You also visited: Sewer, Ossuary and Ice Cave.

You collected 1528 gold pieces.

Inventory:

Hand Weapons
 t - a +1 war axe of venom
 v - the +3 war axe "Tallafam" (weapon) {venom, Drain Str+7}
   (You found it in a sewer)

   Str:       It affects your strength (+7).
   Drain:     It drains your maximum health when unequipped.
 I - a +3 antimagic executioner's axe
Missiles
 l - 2 atropa-tipped darts
 r - 25 poisoned darts (quivered)
 u - 7 boomerangs
 A - a throwing net
 C - 4 javelins
Armour
 c - the +2 hat of the Postmodern Tables (worn) {rC++}
   (You acquired it on level 4 of the Dungeon)

   rC:        It greatly protects you from cold.
 k - a +0 pair of gloves of infusion (worn)
 K - a +1 cloak (worn)
 P - +1 gold dragon scales (worn)
 S - a +0 kite shield (worn)
Jewellery
 a - a +4 ring of slaying (left hand)
 J - a +4 ring of slaying (right hand)
 O - a ring of positive energy
 Q - a +6 ring of dexterity
Wands
 g - a wand of charming (13)
 M - a wand of flame (21)
Scrolls
 h - 17 scrolls of identify
 p - 11 scrolls of teleportation
 x - a scroll of enchant armour
 y - 7 scrolls of blinking
 B - 3 scrolls of enchant weapon
 D - a scroll of fear
 H - a scroll of magic mapping
 L - 3 scrolls of fog {unknown}
 N - a scroll of butterflies {unknown}
 R - a scroll of acquirement
Potions
 b - 3 potions of flight {unknown}
 d - 2 potions of attraction {unknown}
 e - 7 potions of curing {unknown}
 f - 4 potions of degeneration {unknown}
 i - 3 potions of brilliance {unknown}
 j - 7 potions of resistance {unknown}
 m - a potion of ambrosia {unknown}
 n - 3 potions of might {unknown}
 o - 3 potions of magic {unknown}
 q - a potion of cancellation {unknown}
 s - 5 potions of heal wounds
 F - 2 potions of mutation {unknown}
 G - 2 potions of invisibility {unknown}


   Skills:
 + Level 18.0 Fighting
 + Level 14.5 Axes
 + Level 14.3 Armour
 + Level 13.1 Dodging
 + Level 7.6 Shields


You had 12 spell levels left.
You didn't know any spells.
Your spell library was empty.

Dungeon Overview and Level Annotations

Branches:
Dungeon (15/15)            Temple (0/1) D:6            Lair (0/5) D:8
    Orc (0/2) D:12         Vaults (0/5) D:14         Depths (0/4) D:15
  Sewer (visited)         Ossuary (visited)           IceCv (1/1)

Altars:
Ashenzari
Dithmenos
Elyvilon
Fedhas
Hepliaklqana
Kikubaaqudgha
Okawaru
Qazlal
Ru
Sif Muna
Trog
Uskayaw
Vehumet
Wu Jian
Xom
Yredelemnul
The Shining One

Shops:
D:8 *


Innate Abilities, Weirdness & Mutations

You have a pair of horns on your head.
You reflexively headbutt those who attack you in melee.


Message History

Your Fighting skill increases to level 18!
You slice the white very ugly thing!!
You kill the white very ugly thing!
Trog accepts your kill.
You slash the lindwurm simulacrum!
Unknown command.
You hit the golden dragon simulacrum but do no damage.
You slash the lindwurm simulacrum!
You block the lindwurm simulacrum's attack.
The lindwurm simulacrum claws you.
* * * LOW HITPOINT WARNING * * *
The lindwurm simulacrum freezes you. You resist.
* * * LOW HITPOINT WARNING * * *
The lindwurm simulacrum claws you.
* * * LOW HITPOINT WARNING * * *
The lindwurm simulacrum freezes you. You resist.
* * * LOW HITPOINT WARNING * * *
You hit the golden dragon simulacrum.
The golden dragon simulacrum is lightly damaged.
You slash the lindwurm simulacrum!
The lindwurm simulacrum vaporises!
Trog accepts your kill. The golden dragon simulacrum bites you!
* * * LOW HITPOINT WARNING * * *
The golden dragon simulacrum freezes you.
You resist.
* * * LOW HITPOINT WARNING * * *
You block the golden dragon simulacrum's attack.
The golden dragon simulacrum tramples you but does no damage.
You slash the golden dragon simulacrum!
The golden dragon simulacrum is moderately damaged.
Unknown command.
You slash the golden dragon simulacrum!
You headbutt the golden dragon simulacrum!
The golden dragon simulacrum is severely damaged.
The golden dragon simulacrum bites you!
* * * LOW HITPOINT WARNING * * *
The golden dragon simulacrum freezes you!
You resist.
You die...

....###.....## ...##
##...##
...8#########. ##
......# ##.. ..##
.....[# #...# #...#
...#### #...####....#
.### #.........# ##
### #...Z....# ##
###.## #.○@...#
.#####....#####....##
..#....##...#.##...#
#....######.......##
###### ##.##.###
######


You could see a golden dragon simulacrum.

Vanquished Creatures
  A lich (IceCv)
  A very ugly thing (IceCv)
  2 vault guards (D:14)
  A hydra (D:14)
  A boulder beetle (D:11)
  2 centaur warriors
  5 two-headed ogres
  A tengu warrior (D:13)
  Nergalle (D:12)
  Pikel (D:9)
  2 bog bodies (IceCv)
  A necromancer (IceCv)
  3 spriggan simulacra (IceCv)
  2 wizards
  An obsidian statue (IceCv)
  7 ugly things
  5 deep elf pyromancers
  A cyclops (D:12)
  Joseph (D:9)
  Maurice (D:9)
  A gargoyle (D:13)
  An unseen horror (D:11)
  3 kobold demonologists
  A komodo dragon (D:11)
  2 efreet
  17 freezing wraiths
  4 golden dragon simulacra (IceCv)
  5 anaconda simulacra (IceCv)
  An ice devil (IceCv)
  3 meliai (D:13)
  Prince Ribbit (D:9)
  5 trolls
  A shadow (D:9)
  A dire elephant simulacrum (IceCv)
  A basilisk (D:11)
  A vampire (D:10)
  21 yaks
  2 wyverns
  6 humans (D:14)
  Grum (D:8)
  2 steam dragons
  7 vampire mosquitoes
  A warg (D:12)
  4 harpy simulacra (IceCv)
  4 acid dragons
  5 orc warriors
  A sky beast (D:7)
  A black bear (D:5)
  3 alligator simulacra (IceCv)
  2 ettin simulacra (IceCv)
  4 wolves (D:8)
  2 centaurs (D:7)
  A phantom (D:6)
  2 kobold brigands
  A bullfrog (D:9)
  2 scorpions
  5 gnoll sergeants
  2 deep troll simulacra (IceCv)
  9 wights
  5 killer bees (D:9)
  5 lindwurm simulacra (IceCv)
  2 howler monkeys
  4 jellies
  5 hounds
  11 orc priests
  2 human zombies (Ossuary)
  6 iguanas
  14 orc wizards
  A hound zombie (Ossuary)
  4 mummies (Ossuary)
  20 gnolls
  8 adders
  4 river rats (Sewer)
  2 shadow imps
  An adder zombie (Ossuary)
  A worm (Sewer)
  A dart slug (D:4)
  44 orcs
  6 bats
  11 endoplasms
  5 giant cockroaches
  2 goblins
  8 hobgoblins
  10 jackals
  18 kobolds
  3 quokkas
  10 ball pythons
  5 frilled lizards
  A gnoll zombie (Ossuary)
  A hobgoblin zombie (Ossuary)
  3 kobold zombies (Ossuary)
  2 orc zombies (Ossuary)
  10 rats
  A rat zombie (Ossuary)
412 creatures vanquished.

Vanquished Creatures (collateral kills)
  A vault guard (D:14)
  2 humans (D:14)
3 creatures vanquished.

Vanquished Creatures (others)
  A human (D:14)
  An orc wizard (D:9)
2 creatures vanquished.

Grand Total: 417 creatures vanquished

Notes
Turn   | Place    | Note
-------+----------+-------------------------------------------
     0 | D:1      | LLlMATKO the Minotaur Berserker began the quest for the
                  | Orb.
     0 | D:1      | Reached XP level 1. HP: 19/19 MP: 0/0
    54 | D:1      | Reached XP level 2. HP: 23/27 MP: 1/1
   143 | D:1      | Reached skill level 4 in Fighting
   294 | D:1      | Reached XP level 3. HP: 33/33 MP: 2/2
   317 | D:1      | Reached ** piety under Trog
  1403 | D:3      | Found a faded altar of an unknown god.
  1430 | D:3      | Reached XP level 4. HP: 31/41 MP: 3/3
  1435 | D:3      | Reached XP level 5. HP: 19/47 MP: 4/4
  1711 | D:3      | Found a blossoming altar of Fedhas.
  2182 | D:3      | Reached skill level 5 in Fighting
  2405 | D:4      | Identified 3 scrolls of acquirement
  2405 | D:4      | Acquired the +2 hat of the Postmodern Tables {rC++}
  2426 | D:4      | Acquired a manual of Fighting
  2428 | D:4      | Acquired 635 gold pieces
  2623 | D:4      | Reached skill level 5 in Axes
  2641 | D:4      | Found a white marble altar of Elyvilon.
  2697 | D:4      | Found a glowing drain.
  2701 | Sewer    | Entered a sewer
  2752 | Sewer    | Reached XP level 6. HP: 52/56 MP: 5/5
  2754 | Sewer    | Reached *** piety under Trog
  2794 | Sewer    | Found a viscous altar of Jiyva.
  2856 | Sewer    | Reached skill level 6 in Fighting
  2863 | Sewer    | Identified the +3 war axe "Tallafam" {venom, Drain Str+7}
  2932 | D:4      | Found a glowing golden altar of the Shining One.
  3428 | D:5      | Entered Level 5 of the Dungeon
  3593 | D:5      | Found a sand-covered staircase.
  3598 | Ossuary  | Entered an ossuary
  3602 | Ossuary  | Reached skill level 5 in Armour
  3602 | Ossuary  | Reached XP level 7. HP: 64/64 MP: 6/6
  3610 | Ossuary  | Reached **** piety under Trog
  3882 | D:5      | Reached skill level 7 in Fighting
  3960 | D:5      | Found an iron altar of Okawaru.
  3965 | D:5      | Reached skill level 5 in Dodging
  4129 | D:5      | Found an ancient bone altar of Kikubaaqudgha.
  4164 | D:5      | Found a stormy altar of Qazlal.
  4205 | D:5      | Found a broken altar of Ashenzari.
  4422 | D:5      | Found a shimmering blue altar of Sif Muna.
  4693 | D:6      | Reached skill level 8 in Fighting
  4710 | D:6      | Reached XP level 8. HP: 66/74 MP: 7/7
  5013 | D:6      | Reached skill level 9 in Fighting
  5197 | D:6      | Found a staircase to the Ecumenical Temple.
  5619 | D:7      | Reached skill level 10 in Fighting
  5835 | D:7      | You fall into a shaft and drop 2 floors!
  5836 | D:9      | Noticed Maurice
  5843 | D:9      | Reached XP level 9. HP: 85/85 MP: 8/8
  5857 | D:9      | Noticed Prince Ribbit
  5859 | D:9      | Killed Maurice
  5868 | D:9      | Killed Prince Ribbit
  5876 | D:9      | Reached skill level 11 in Fighting
  6103 | D:9      | Reached ***** piety under Trog
  6257 | D:8      | Found Cary's General Store.
  6258 | D:8      | Noticed Grum
  6273 | D:8      | Killed Grum
  6274 | D:8      | Reached skill level 12 in Fighting
  6473 | D:8      | Reached XP level 10. HP: 60/97 MP: 9/9
  6721 | D:7      | Identified the +0 leather armour of Liberalism {rF+ rC+
                  | Regen+ Int-3}
  7290 | D:8      | Found a sacrificial altar of Ru.
  7408 | D:8      | Found a staircase to the Lair.
  7493 | D:8      | Found a bloodstained altar of Trog.
  7493 | D:8      | Found a hide-covered altar of Uskayaw.
  7505 | D:8      | Reached skill level 13 in Fighting
  7607 | D:8      | Received a gift from Trog
  7608 | D:8      | Reached skill level 10 in Axes
  7882 | D:8      | Found a shadowy altar of Dithmenos.
  8061 | D:7      | Found a hazy altar of Hepliaklqana.
  8124 | D:9      | Noticed a two-headed ogre
  8167 | D:9      | Noticed Joseph
  8169 | D:9      | Noticed Pikel
  8180 | D:9      | Killed Joseph
  8180 | D:9      | Killed Pikel
  8181 | D:9      | Reached skill level 10 in Armour
  8399 | D:9      | Killed a two-headed ogre
  8400 | D:9      | Reached skill level 14 in Fighting
  8629 | D:9      | Found a shimmering altar of Xom.
  8808 | D:10     | Entered Level 10 of the Dungeon
  8861 | D:10     | Found a basalt altar of Yredelemnul.
  8932 | D:10     | Noticed a two-headed ogre
  8939 | D:10     | Killed a two-headed ogre
  8940 | D:10     | Reached XP level 11. HP: 65/111 MP: 10/10
  9253 | D:10     | Reached skill level 10 in Dodging
  9291 | D:10     | Noticed a two-headed ogre
  9302 | D:10     | Killed a two-headed ogre
  9468 | D:10     | Reached skill level 15 in Fighting
  9756 | D:11     | Noticed a red ugly thing
  9763 | D:11     | Killed a red ugly thing
  9927 | D:11     | Noticed a boulder beetle
  9935 | D:11     | Killed a boulder beetle
  9983 | D:11     | Noticed a red ugly thing
  9989 | D:11     | Killed a red ugly thing
 10169 | D:11     | Noticed a two-headed ogre
 10175 | D:11     | Killed a two-headed ogre
 10325 | D:11     | Noticed a two-headed ogre
 10329 | D:11     | Killed a two-headed ogre
 10330 | D:11     | Reached skill level 16 in Fighting
 10946 | D:12     | Reached XP level 12. HP: 101/124 MP: 11/11
 11048 | D:12     | Found a staircase to the Orcish Mines.
 11056 | D:12     | Received a gift from Trog
 11057 | D:12     | Noticed Nergalle
 11075 | D:12     | Killed Nergalle
 11551 | D:12     | Reached skill level 1 in Shields
 11646 | D:12     | Found an ornate altar of the Wu Jian Council.
 11964 | D:13     | Noticed a tengu warrior
 11973 | D:13     | Killed a tengu warrior
 12456 | D:13     | Noticed a centaur warrior
 12465 | D:13     | Killed a centaur warrior
 12812 | D:13     | Reached skill level 17 in Fighting
 13087 | D:14     | Noticed a seven-headed hydra
 13094 | D:14     | Killed a 12-headed hydra
 13166 | D:14     | Received a gift from Trog
 13452 | D:14     | Found a radiant altar of Vehumet.
 13496 | D:14     | Noticed a centaur warrior
 13502 | D:14     | Killed a centaur warrior
 13503 | D:14     | Reached skill level 5 in Shields
 13510 | D:14     | Reached XP level 13. HP: 108/132 MP: 12/12
 13884 | D:14     | Found a gate to the Vaults.
 14558 | D:15     | Entered Level 15 of the Dungeon
 14599 | D:15     | Found a frozen archway.
 14620 | IceCv    | Entered an ice cave
 15160 | IceCv    | Received a gift from Trog
 15462 | IceCv    | Found an ancient bone altar of Kikubaaqudgha.
 15606 | IceCv    | Noticed a white very ugly thing
 15609 | IceCv    | Noticed a lich
 15622 | IceCv    | Killed a lich
 15623 | IceCv    | Reached skill level 18 in Fighting
 15623 | IceCv    | Killed a white very ugly thing
 15627 | IceCv    | HP: 1/201 [golden dragon simulacrum (17)]
 15627 | IceCv    | Mangled by a golden dragon simulacrum

Illustrated notes

Levels and vault maps discovered:
D:1:      matt_arrival_grand_opening, layout_basic
D:2:      layout_basic, nicolae_concentric_dashed_squares_mild
D:3:      layout_basic, mainiacjoe_overflow_paths,
          dreamdust_ecumenical_altar_statues, lemuel_flame_loot_1
D:4:      layout_loops_ring, nicolae_tso_carved_into_rock, elyvilon_altar_4,
          portal_sewer_entry_e, kennysheep_crisscross,
          kennysheep_generic_room_14
D:5:      layout_loops_ring, hellmonk_okawaru_the_only_friend_you_need,
          nicolae_ashenzari_skybound, nicolae_qazlal_general_emergency,
          mainiacjoe_overflow_tiny_flanked, kennysheep_orc_sif_temple,
          nicolae_ossuary_entry_ruins, cheibrodos_gnoll_hut
D:6:      layout_loops_cross, temple_fountains, grunt_ministairs_14,
          kennysheep_generic_room_8
D:7:      layout_basic, nicolae_overflow_hidden_temple,
          nicolae_fountain_basement
D:8:      nicolae_BIG_FREAKIN_CUBE, layout_loops_corners, old_standard_altar,
          nicolae_ru_great_annihilating_truth,
          chequers_temple_overflow_statue_of_worship, serial_shops, shop,
          uniq_grum
D:9:      layout_cave_pools, marbit_many_paths, chequers_serial_rivers_small_a,
          uniq_prince_ribbit1, uniq_maurice, uniq_joseph, uniq_pikel
D:10:     layout_rooms, amcnicky_altar_gilded
D:11:     layout_long_grid
D:12:     layout_grid_maze, erik_orc_4, nicolae_wu_jian_immortal_techniques,
          uniq_nergalle
D:13:     layout_cave_pools, nicolae_wwwww
D:14:     layout_loops_cross, ximxim_vaults_locker_room,
          nicolae_vehumet_radiance
D:15:     grunt_enter_depths_giant_problem, layout_loops_corners,
          portal_ice_cave_entry_frozen_things, minmay_quadrilaterals
IceCv:    ice_cave_small_necro

Skill      XL: |  1  2  3  4  5  6  7  8  9 10 11 12 13 |
---------------+----------------------------------------+-----
Fighting       | 4 5 6 8 10 12 14 16 17 18 | 18.0
Axes           | 4 5 6 8 9 10 12 13 14 | 14.5
Armour         | 3 4 5 6 7 9 10 12 13 14 | 14.3
Dodging        | 3 4 5 6 8 9 11 12 13 | 13.1
Shields        | 5 7 |  7.6

Action                     |  1- 3 |  4- 6 |  7- 9 | 10-12 | 13-15 || total
---------------------------+-------+-------+-------+-------+-------++-------
  Melee: Hand axe          |    76 |     8 |       |       |       ||    84
         Headbutt          |    11 |    17 |    23 |    94 |    30 ||   175
         Punch             |     1 |     2 |     2 |     3 |       ||     8
         War axe           |       |    80 |   135 |   367 |   127 ||   709
  Throw: Dart              |       |       |     2 |       |       ||     2
 Invoke: Berserk           |     1 |       |     1 |     4 |     4 ||    10
         Trog's Hand       |       |       |     1 |       |     1 ||     2
         Brothers in Arms  |       |       |       |       |     1 ||     1
    Use: Scroll            |       |    11 |       |       |     6 ||    17
   Stab: Paralysed         |       |       |       |     1 |       ||     1
 Armour: Animal skin       |     3 |       |       |       |       ||     3
         Scale mail        |    20 |    35 |    62 |    18 |       ||   135
         Plate armour      |       |       |       |   137 |    14 ||   151
         Gold dragon scale |       |       |       |       |   110 ||   110
  Dodge: Dodged            |    54 |    55 |   136 |   160 |    76 ||   481
  Block: Buckler           |       |       |       |    24 |     3 ||    27
         Kite shield       |       |       |       |       |    76 ||    76
